 Dungeon Crawl Stone Soup version 0.28-a0-1235-g7c8fac35f0 (webtiles) character file.

Game seed: 2455921559291969795

1480 Turgor the Chopper (level 8, -3/63 HPs)
             Began as a Demonspawn Abyssal Knight on Dec 24, 2021.
             Was a Priest of Lugonu.
             Killed from afar by a steam dragon (24 damage)
             ... with a ball of steam
             ... on level 6 of the Dungeon.
             The game lasted 00:36:55 (8286 turns).

Turgor the Chopper (Demonspawn Abyssal Knight)      Turns: 8286, Time: 00:36:55

Health: -3/63      AC: 10    Str: 14    XL:     8   Next: 50%
Magic:  11/11      EV: 10    Int: 20    God:    Lugonu [***...]
Gold:   265        SH:  5    Dex: 15    Spells: 5/7 levels left

rFire   . . .      SeeInvis .   B - +0 war axe
rCold   . . .      Faith    .   (no shield)
rNeg    . . .      Spirit   .   x - +1 ring mail of Hairiness {Drain +Blink rElec rCorr}
rPois   .          Reflect  +   (no helmet)
rElec   +          Harm     .   w - +0 cloak
rCorr   +          Rampage  .   n - +0 pair of gloves
Will    .....                   a - +0 pair of boots
Stlth   ++........              j - amulet of reflection
HPRegen 0.20/turn               u - +6 ring of intelligence
MPRegen 0.24/turn               b - ring of wizardry

@: no status effects
A: thin skeletal structure 1, magic regeneration, condensation shield, demonic
touch 1
a: Renounce Religion, Evoke Blink, Depart the Abyss, Bend Space, Banish


You were on level 6 of the Dungeon.
You worshipped Lugonu.
Lugonu was most pleased with you.
You visited 1 branch of the dungeon, and saw 6 of its levels.
You visited the Abyss 1 time.

You collected 265 gold pieces.

Inventory:

Hand Weapons
 y - a +0 battleaxe
 B - a +0 war axe (weapon)
Missiles
 c - 166 stones (quivered)
 z - a curare-tipped dart
Armour
 a - a +0 pair of boots (worn)
 e - a +0 chain mail
 n - a +0 pair of gloves (worn)
 w - a +0 cloak (worn)
 x - the +1 ring mail of Hairiness (worn) {Drain +Blink rElec rCorr}
   (You found it on level 5 of the Dungeon)

   rElec:     It insulates you from electricity.
   +Blink:    It lets you blink.
   rCorr:     It protects you from acid and corrosion.
   Drain:     It drains your maximum health when unequipped.
Jewellery
 b - a ring of wizardry (right hand)
 j - an amulet of reflection (around neck)
 u - a +6 ring of intelligence (left hand)
Wands
 r - a wand of iceblast (5)
Scrolls
 d - 2 scrolls of fear
 g - a scroll of fog {unknown}
 h - 2 scrolls of acquirement {unknown}
 i - 2 scrolls of immolation {unknown}
 k - a scroll of vulnerability {unknown}
 q - 7 scrolls of teleportation {unknown}
 t - a scroll of enchant weapon {unknown}
 A - a scroll of silence {unknown}
Potions
 f - a potion of heal wounds
 l - 2 potions of resistance
 m - 2 potions of curing
 o - a potion of brilliance
 s - 2 potions of magic {unknown}
 v - 3 potions of lignification {unknown}


   Skills:
 + Level 5.6 Fighting
 - Level 1.0 Short Blades
 * Level 7.1 Axes
 + Level 4.6 Armour
 - Level 0.8 Dodging
 - Level 0.9 Stealth
 - Level 4.0 Invocations


You had 5 spell levels left.
You knew the following spells:

 Your Spells              Type           Power      Damage    Failure   Level
a - Static Discharge      Conj/Air       0%         N/A       22%         2

Your spell library contained the following spells:

 Spells                   Type           Power      Damage    Failure   Level
 Lightning Bolt           Conj/Air       0%         1d11      98%         5
 Maxwell's Capacitive Co  Air            0%         ∞         100%        8


Dungeon Overview and Level Annotations

Branches:
Dungeon (6/15)
 Temple: D:4-7

Altars:
Hepliaklqana
Makhleb
Nemelex Xobeh
Xom

Shops:
D:4 (

Annotations:
D:4 exclusion: phantom
D:5 Pikel


Innate Abilities, Weirdness & Mutations

You have a somewhat thin skeletal structure. (Dex +2, Stealth+)
You regenerate magic rapidly.
A meltable shield of frost defends you. (SH +0)
Your touch may inflict minor irresistible damage on your foes.


Message History

You hit the steam dragon but do no damage.
You touch the steam dragon.
The steam dragon is lightly wounded.
You block the steam dragon's attack.
The steam dragon claws you but does no damage.
You hit the steam dragon but do no damage.
Your touch misses the steam dragon.
The steam dragon is lightly wounded.
The steam dragon closely misses you. You block the steam dragon's attack.
You hit the steam dragon but do no damage.
The steam dragon is lightly wounded.
The steam dragon closely misses you.
The steam dragon claws you but does no damage.
The steam dragon breathes steam at you. The ball of steam hits you!!
Your condensation shield dissipates!
You hit the steam dragon but do no damage.
Your touch misses the steam dragon.
The steam dragon is lightly wounded.
You are engulfed in a cloud of scalding steam.
The steam dragon completely misses you. The steam dragon barely misses you.
You hit the steam dragon but do no damage.
Your touch misses the steam dragon.
The steam dragon is lightly wounded.
You are engulfed in a cloud of scalding steam.
The steam dragon barely misses you. You block the steam dragon's attack.
You slash the steam dragon!
The steam dragon is heavily wounded.
You are engulfed in a cloud of scalding steam.
The steam dragon bites you. The steam dragon barely misses you.
The steam dragon closely misses you. The steam dragon barely misses you.
You hit the steam dragon but do no damage.
You touch the steam dragon.
The steam dragon is severely wounded.
The steam dragon closely misses you. The steam dragon claws you.
You hit the steam dragon.
The steam dragon is almost dead.
The steam dragon breathes steam at you. The ball of steam hits you!!
You die...

#.# #.##<...# ##..
##.###....##.# #...
#......... #.# #....
#......... #.##.....
#....<.....#.#......
#..........#.[......
##.#########........
#†###.......D......
####.#...#####@.......
#..).....# #...#....
#...[....# #...# ...
#........# ##### #
##########


You could see a steam dragon (catching breath).

Vanquished Creatures
  Eustachio (D:5)
  2 water moccasins (D:6)
  An ogre (D:6)
  An ice beast (D:5)
  A lemure (D:5)
  2 centaurs
  A phantom (D:6)
  A kobold brigand (D:6)
  A wyvern zombie (D:6)
  A bullfrog (D:5)
  A bullfrog zombie (D:6)
  3 jellies
  5 orc priests
  A scorpion zombie (D:5)
  2 orc wizards (D:5)
  6 adders
  A shadow imp (D:5)
  An adder zombie (D:5)
  3 worms
  A dart slug (D:2)
  29 orcs
  4 ball pythons
  3 bats (D:2)
  5 endoplasms
  3 giant cockroaches
  8 goblins
  4 hobgoblins
  3 jackals (D:5)
  4 quokkas
  A frilled lizard (D:1)
  6 kobolds
  A quokka skeleton (D:4)
  7 rats
114 creatures vanquished.

Vanquished Creatures (others)
  28 plants (D:5)
28 creatures vanquished.

Grand Total: 142 creatures vanquished

Notes
Turn   | Place    | Note
-------+----------+-------------------------------------------
     0 | Abyss:1  | Turgor the Demonspawn Abyssal Knight began the quest for
                  | the Orb.
     0 | Abyss:1  | Reached XP level 1. HP: 18/18 MP: 2/2
     5 | Abyss:1  | Found a corrupted altar of Lugonu.
    74 | D:1      | Escaped the Abyss
   403 | D:1      | Gained mutation: You have a somewhat thin skeletal
                  | structure. (Dex +2, Stealth+) [demonic ancestry]
   403 | D:1      | Reached XP level 2. HP: 24/24 MP: 4/4
   439 | D:1      | Reached skill level 2 in Axes
   724 | D:1      | Found a faded altar of an unknown god.
  1242 | D:2      | Reached XP level 3. HP: 19/29 MP: 5/5
  1362 | D:2      | Reached ** piety under Lugonu
  1803 | D:2      | Reached skill level 3 in Axes
  2219 | D:3      | Found a burning altar of Makhleb.
  2279 | D:3      | Gained mutation: Your touch may inflict minor irresistible
                  | damage on your foes. [demonic ancestry]
  2279 | D:3      | Reached XP level 4. HP: 12/35 MP: 6/6
  2382 | D:3      | Found a sparkling altar of Nemelex Xobeh.
  3119 | D:3      | Reached skill level 1 in Short Blades
  3119 | D:3      | Gained mutation: You regenerate magic rapidly. [demonic
                  | ancestry]
  3119 | D:3      | Reached XP level 5. HP: 41/41 MP: 7/7
  3455 | D:3      | Reached skill level 4 in Axes
  4306 | D:4      | Noticed a phantom
  4724 | D:4      | Found a hazy altar of Hepliaklqana.
  4730 | D:4      | Reached XP level 6. HP: 41/48 MP: 8/8
  4757 | D:4      | Learned a level 2 spell: Static Discharge
  5138 | D:4      | Found Ocsuwygowu's Weapon Shop.
  5349 | D:5      | Entered Level 5 of the Dungeon
  5419 | D:5      | Identified the +1 ring mail of Hairiness {Drain +Blink
                  | rElec rCorr}
  5516 | D:5      | Noticed Eustachio
  5600 | D:5      | Killed Eustachio
  5705 | D:5      | Found a shimmering altar of Xom.
  5720 | D:5      | Noticed Pikel
  6043 | D:5      | Reached skill level 5 in Axes
  6083 | D:5      | Reached *** piety under Lugonu
  6142 | D:5      | Gained mutation: A meltable shield of frost defends you.
                  | (SH +0) [demonic ancestry]
  6142 | D:5      | Reached XP level 7. HP: 49/54 MP: 9/9
  7314 | D:6      | Reached skill level 6 in Axes
  7547 | D:6      | Reached skill level 5 in Fighting
  7547 | D:6      | Reached XP level 8. HP: 52/62 MP: 11/11
  8100 | D:6      | Reached skill level 7 in Axes
  8286 | D:6      | Killed from afar by a steam dragon

Illustrated notes

Levels and vault maps discovered:
D:1:      dpeg_arrival_tiny_j, layout_loops_ring,
          dreamdust_ecumenical_altar_grove
D:2:      layout_rooms, minmay_bisected
D:3:      layout_loops_ring, mainiacjoe_overflow_boulevard,
          nemelex_xobeh_ov_fountains_minmay,
          nicolae_concentric_dashed_squares_mild, small_statue_alley_b,
          lemuel_flame_loot_1
D:4:      layout_cave_pods, nicolae_overflow_crystal_walls, serial_shops,
          nicolae_shop_bloodbath_and_beyond
D:5:      wad_lake_hut, layout_basic, mainiacjoe_overflow_tiny_flanked,
          kennysheep_pointless_box, uniq_pikel, uniq_duvessa, uniq_eustachio
D:6:      layout_rooms

Skill      XL: |  1  2  3  4  5  6  7  8 |
---------------+-------------------------+-----
Axes           | 2 3 4 5 6 7 |  7.1
Armour         | 2 3 4 |  4.6
Short Blades   | 1 |  1.0
Invocations    | 3 4 |  4.0
Fighting       | 4 5 |  5.6
Dodging        | |  0.8
Stealth        | |  0.9

Action                   |  1- 3 |  4- 6 |  7- 9 || total
-------------------------+-------+-------+-------++-------
Melee: Hand axe          |   102 |   169 |    91 ||   362
       Short sword       |    31 |       |       ||    31
       Touch             |       |    33 |    37 ||    70
       War axe           |       |       |    57 ||    57
Throw: Stone             |     4 |     6 |     9 ||    19
Invok: Bend Space        |       |     1 |     2 ||     3
Evoke: Wand              |       |     7 |       ||     7
  Use: Scroll            |       |     5 |       ||     5
       Potion            |       |       |     1 ||     1
 Stab: Sleeping          |     1 |     8 |     2 ||    11
Armor: Leather armour    |    31 |    22 |       ||    53
       Ring mail         |       |    20 |    46 ||    66
Dodge: Dodged            |    67 |    72 |    75 ||   214
Block: Other             |       |       |    39 ||    39

Table legend: (Time is in decaauts)
 A = Elapsed time spent in this place.
 B = Non-inter-level travel time spent in this place.
 C = Inter-level travel time spent in this place.
 D = Time resting spent in this place.
 E = Time spent auto-exploring this place.
 F = Levels seen in this place.
 G = Mean time per level.
                   A        B        C        D        E       F      G
               +--------+--------+--------+--------+--------+-----+--------+
         Total |   8335 |   8050 |    285 |   2111 |   3803 |   7 | 1190.7 |
       Dungeon |   8260 |   7975 |    285 |   2111 |   3775 |   6 | 1376.7 |
         Abyss |     75 |     75 |      0 |      0 |     28 |   1 |   75.0 |
               +--------+--------+--------+--------+--------+-----+--------+

Top non-repeatable levels by time:
     D:3: 1841 daAuts
     D:5: 1645 daAuts
     D:4: 1600 daAuts
     D:2: 1467 daAuts
     D:1: 944 daAuts
     D:6: 760 daAuts
 Abyss:1: 75 daAuts
